 Dungeon Crawl Stone Soup version 0.30-a0-371-gad7725a93e (console) character file.

Game seed: 17031739584275051134

507330 petzl the Sorcerer (level 26, -9/234 HPs)
             Began as a Formicid Delver on Nov 17, 2022.
             Was the Champion of Vehumet.
             Mangled by an acid blob (28 damage)
             ... created by the Royal Jelly
             ... on level 5 of the Pits of Slime on Nov 22, 2022.
             The game lasted 10:00:24 (80667 turns).

petzl the Sorcerer (Formicid Delver)               Turns: 80667, Time: 10:00:24

Health: -9/234     AC: -7    Str: 22      XL:     26   Next: 70%
Magic:  2/57       EV: 17    Int: 30 (31) God:    Vehumet [******]
Gold:   3612       SH: 24    Dex: 13      Spells: 8/67 levels left

rFire   + + .      SeeInvis +    a - +12 hand axe {freeze, Will+ Int+2, !f =f}
rCold   + + +      Faith    .    w - +5 kite shield {AC+3}
rNeg    + . .      Spirit   .    M - +3 salamander hide armour {Flames rF++ rC--}
rPois   +          Reflect  +    (helmet unavailable)
rElec   +          Harm     .    e - +0 cloak of a wizard's laboratory {rElec rPois}
rCorr   .          Rampage  .    r - +2 pair of gloves of the Lich-sworn {Contam Fly rC++ Regen+}
Will    ++++.                    Z - +2 pair of boots
Stlth   +++++.....               F - amulet of the Traitor {Reflect Drain Int+10 Dex-5 SH+5 Stlth+}
HPRegen 1.39/turn                N - ring "Fizxeoke" {rN+ EV+4 Str+2 Int+4}
MPRegen 0.35/turn                Q - ring of Anethuru {rC+++ Will+ MP+9 Int-4 Dex+3}

@: corroded, flying
A: permanent stasis, dig shafts and tunnels, antennae 3, four strong arms, large
bone plates 1, deformed body, robust 1
}: 2/15 runes: barnacled, gossamer
a: Dig, Shaft Self, Renounce Religion


You were on level 5 of the Pits of Slime.
You worshipped Vehumet.
Vehumet was exalted by your worship.
You visited 12 branches of the dungeon, and saw 51 of its levels.
You visited 1 bazaar.
You also visited: Gauntlet, Ice Cave and Volcano.

You collected 8256 gold pieces.
You spent 4644 gold pieces at shops.

Inventory:

Hand Weapons
 a - the +12 hand axe of Peril (weapon) {freeze, Will+ Int+2, !f =f}
   (You found it on level 2 of the Dungeon)

   It freezes those it strikes, dealing additional cold damage.
   It can also slow down cold-blooded creatures.
   Int:       It affects your intelligence (+2).
   Will:      It increases your willpower.
 b - the +6 arbalest "Adilegr Cufe" {freeze, SInv}
   (You found it on level 7 of the Dungeon)

   Any ammunition fired from it freezes those it strikes, dealing additional
   cold damage.
   It can also slow down cold-blooded creatures.
   SInv:      It lets you see invisible.
 q - a +6 dagger of venom {!f =f}
 v - a +3 scimitar of protection
 I - the +8 shortbow "Coelo" {flame, rPois rF++ rN+}
   (You found it on level 3 of the Depths)

   Any ammunition fired from it burns those it strikes, dealing additional fire
   damage.
   rF:        It greatly protects you from fire.
   rPois:     It protects you from poison.
   rN:        It protects you from negative energy.
Missiles
 R - 3 throwing nets
 S - 22 curare-tipped darts
 W - 9 silver javelins (quivered)
Armour
 e - the +0 cloak of a wizard's laboratory (worn) {rElec rPois}
   (You bought it in a shop on level 2 of the Orcish Mines)

   rElec:     It insulates you from electricity.
   rPois:     It protects you from poison.
 r - the +2 pair of gloves of the Lich-sworn (worn) {Contam Fly rC++ Regen+}
   (You acquired it on level 7 of the Dungeon)

   rC:        It greatly protects you from cold.
   Fly:       It grants you flight.
   Contam:    It causes magical contamination when unequipped.
   Regen:     It increases your rate of health regeneration.
 w - a +5 kite shield of protection (worn)
 M - the +3 salamander hide armour (worn) {Flames rF++ rC--}
   (You found it on level 3 of the Elven Halls)

   It surrounds you with a cloud of flames.
   It grants immunity to clouds of flame.
   It enhances your fire magic.
   rF:        It greatly protects you from fire.
   rC:        It makes you very vulnerable to cold.
 Z - a +2 pair of boots (worn)
Jewellery
 F - the amulet of the Traitor (around neck) {Reflect Drain Int+10 Dex-5 SH+5 Stlth+}
   (You took it off a minotaur in a Gauntlet)

   [amulet of reflection]

   It reflects blocked missile attacks.
   Int:       It affects your intelligence (+10).
   Dex:       It affects your dexterity (-5).
   Drain:     It drains your maximum health when unequipped.
   SH:        It affects your SH (+5).
   Stlth:     It makes you more stealthy.
 N - the ring "Fizxeoke" (left hand) {rN+ EV+4 Str+2 Int+4}
   (You found it on level 3 of the Elven Halls)

   [ring of evasion]

   EV:        It affects your evasion (+4).
   Str:       It affects your strength (+2).
   Int:       It affects your intelligence (+4).
   rN:        It protects you from negative energy.
 Q - the ring of Anethuru (right hand) {rC+++ Will+ MP+9 Int-4 Dex+3}
   (You found it in a Gauntlet)

   [ring of magical power]

   Int:       It affects your intelligence (-4).
   Dex:       It affects your dexterity (+3).
   rC:        It renders you almost immune to cold.
   MP:        It affects your magic capacity (+9).
   Will:      It increases your willpower.
Wands
 f - a wand of digging (8)
 l - a wand of flame (53)
 o - a wand of mindburst (4)
 p - a wand of polymorph (40)
 J - a wand of iceblast (36)
 P - a wand of charming (24)
 V - a wand of acid (15)
Scrolls
 c - 7 scrolls of fog
 d - 2 scrolls of magic mapping
 h - 7 scrolls of immolation
 C - 14 scrolls of poison
 E - 9 scrolls of fear
 U - 2 scrolls of silence
Potions
 j - 6 potions of invisibility
 k - 13 potions of ambrosia
 m - 17 potions of heal wounds
 n - 23 potions of curing
 s - 8 potions of resistance
 u - 3 potions of might
 x - 5 potions of magic
 G - 4 potions of cancellation
 H - 5 potions of brilliance
Miscellaneous
 y - a lightning rod (4/4)
 T - a condenser vane
 Y - a tin of tremorstones (2/2)


   Skills:
 + Level 18.7 Fighting
 - Level 5.8(6.0) Axes
 - Level 2.0(4.1) Maces & Flails
 - Level 4.7 Ranged Weapons
 - Level 6.7 Armour
 - Level 6.0 Dodging
 - Level 11.0 Stealth
 * Level 7.9 Shields
 + Level 21.0 Spellcasting
 + Level 17.2 Conjurations
 - Level 3.0 Summonings
 - Level 8.0 Necromancy
 - Level 9.0 Translocations
 - Level 5.0 Transmutations
 * Level 16.7 Fire Magic
 * Level 15.0 Ice Magic
 - Level 8.0 Air Magic
 - Level 8.0 Earth Magic
 - Level 5.0 Poison Magic
 - Level 3.0 Evocations


You had 8 spell levels left.
You knew the following spells:

 Your Spells              Type           Power      Damage    Failure   Level
a - Kiss of Death         Conj/Necr      100%       2d13      0%          1
b - Polar Vortex          Ice            44%        N/A       77%         9
c - Iron Shot             Conj/Erth      41%        9d8       1%          6
d - Fireball              Conj/Fire      58%        3d22      1%          5
l - Freezing Cloud        Conj/Ice/Air   42%        6-21      1%          5
m - Mephitic Cloud        Conj/Pois/Air  75%        N/A       1%          3
o - Orb of Destruction    Conj           47%        9d12      1%          7
p - Passage of Golubria   Tloc           71%        N/A       1%          4
u - Sublimation of Blood  Necr           68%        N/A       1%          2
z - Apportation           Tloc           100%       N/A       1%          1
A - Ozocubu's Armour      Ice            89%        N/A       0%          3
C - Conjure Ball Lightni  Conj/Air       41%        3x3d14    1%          6
I - Ignite Poison         Fire/Tmut/Pois 91%        N/A       1%          3
T - Olgreb's Toxic Radia  Pois           57%        N/A       1%          4

Your spell library contained the following spells:

 Spells                   Type           Power      Damage    Failure   Level
 Chain Lightning          Conj/Air       41%        3d54      96%         9
 Shatter                  Erth           34%        3d27*     100%        9
 Freeze                   Ice            100%       1d10      0%          1
 Magic Dart               Conj           100%       1d8       0%          1
 Shock                    Conj/Air       100%       1d9       0%          1
 Momentum Strike          Conj/Tloc      100%       3d10      0%          2
 Scorch                   Fire           100%       2d10      0%          2
 Searing Ray              Conj           100%       2d8       0%          2
 Static Discharge         Conj/Air       100%       2-7/arc   0%          2
 Frozen Ramparts          Ice            100%       1d16      0%          3
 Hailstorm                Conj/Ice       91%        3d18      0%          3
 Sting                    Tmut/Pois      100%       1d8       1%          1
 Call Imp                 Summ           49%        N/A       1%          2
 Cigotuvi's Dreadful Rot  Necr/Pois/Air  100%       N/A       1%          2
 Ensorcelled Hibernation  Hex/Ice        100%       N/A       1%          2
 Poisonous Vapours        Pois/Air       100%       N/A       1%          2
 Wereblood                Tmut           57%        N/A       1%          2
 Dazzling Flash           Conj/Hex       100%       N/A       1%          3
 Inner Flame              Hex/Fire       89%        N/A       1%          3
 Kindle Blastsparks       Fire/Tloc/Air  100%       2d18      1%          3
 Lesser Beckoning         Tloc           100%       N/A       1%          3
 Portal Projectile        Hex/Tloc       100%       N/A       1%          3
 Spider Form              Tmut/Pois      57%        N/A       1%          3
 Vampiric Draining        Necr           68%        2d10      1%          3
 Vhi's Electric Charge    Tloc/Air       100%       N/A       1%          3
 Airstrike                Air            34%        2d(5-21)  1%          4
 Animate Dead             Necr           68%        N/A       1%          4
 Dispel Undead            Necr           68%        3d23      1%          4
 Flame Wave               Conj/Fire      100%       2d21      1%          4
 Fulminant Prism          Conj/Hex       35%        3d17      1%          4
 Iskenderun's Mystic Bla  Conj/Tloc      84%        2d17      1%          4
 Petrify                  Tmut/Erth      63%        N/A       1%          4
 Sticky Flame             Conj/Fire      100%       2d11      1%          4
 Summon Ice Beast         Ice/Summ       72%        N/A       1%          4
 Arcjolt                  Conj/Air       41%        1d51      1%          5
 Iskenderun's Battlesphe  Conj           94%        2d14      1%          5
 Lee's Rapid Deconstruct  Erth           34%        3d17*     1%          5
 Lightning Bolt           Conj/Air       41%        1d60      1%          5
 Starburst                Conj/Fire      58%        6d15      1%          6
 Ozocubu's Refrigeration  Ice            44%        4d17      1%          7
 Call Canine Familiar     Summ           49%        N/A       2%          3
 Animate Armour           Summ/Erth      100%       N/A       2%          4
 Borgnjor's Vile Clutch   Necr/Erth      34%        N/A       2%          5
 Metabolic Englaciation   Hex/Ice        33%        N/A       3%          5
 Anguish                  Hex/Necr       26%        N/A       4%          4
 Leda's Liquefaction      Hex/Erth       26%        N/A       4%          4
 Ignition                 Fire           57%        3d16      5%          8
 Summon Forest            Summ/Tloc      30%        N/A       6%          5
 Yara's Violent Unravell  Hex/Tmut       23%        3d10      7%          5
 Confusing Touch          Hex            31%        N/A       8%          3
 Tukima's Dance           Hex            31%        N/A       8%          3
 Alistair's Intoxication  Tmut/Pois      38%        N/A       9%          5
 Blade Hands              Tmut           28%        N/A       9%          5
 Spellforged Servitor     Conj/Summ      37%        N/A       10%         7
 Silence                  Hex/Air        26%        N/A       14%         5
 Death Channel            Necr           34%        N/A       14%         6
 Lehudib's Crystal Spear  Conj/Erth      41%        10d10     24%         8
 Cause Fear               Hex            15%        N/A       26%         4
 Statue Form              Tmut/Erth      42%        N/A       26%         6
 Summon Mana Viper        Hex/Summ       40%        N/A       36%         5
 Summon Cactus Giant      Summ           24%        N/A       75%         6
 Malign Gateway           Summ/Tloc      30%        N/A       88%         7
 Haunt                    Necr/Summ      29%        N/A       92%         7
 Dragon Form              Tmut           28%        N/A       95%         7
 Monstrous Menagerie      Summ           24%        N/A       99%         7
 Summon Hydra             Summ           24%        N/A       99%         7
 Disjunction              Tloc           35%        N/A       99%         8
 Infestation              Necr           34%        N/A       99%         8
 Discord                  Hex            15%        N/A       100%        8
 Summon Horrible Things   Summ           24%        N/A       100%        8
 Death's Door             Necr           34%        N/A       100%        9
 Dragon's Call            Summ           24%        N/A       100%        9
 Blink                    Tloc           Unusable   N/A       N/A         2
 Swiftness                Air            Unusable   N/A       N/A         3

Dungeon Overview and Level Annotations

Branches:
Dungeon (15/15)            Temple (1/1) D:7            Lair (5/5) D:9
 Shoals (4/4) Lair:3       Spider (4/4) Lair:2        Slime (5/5) Lair:5
    Orc (2/2) D:10            Elf (3/3) Orc:2        Vaults (4/5) D:14
  Crypt (3/3) Vaults:3       Tomb (1/3) Crypt:3      Depths (4/4) D:15
    Zot (0/5) Depths:4      IceCv (visited)         Volcano (visited)
Gauntlet (visited)

Altars:
Ashenzari
Cheibriados
Dithmenos
Elyvilon
Fedhas
Gozag
Hepliaklqana
Kikubaaqudgha
Makhleb
Nemelex Xobeh
Qazlal
Ru
Sif Muna
Trog
Vehumet
Wu Jian
Xom
Yredelemnul
Zin
The Shining One
Jiyva
Lugonu

Shops:
D:3 =   D:8 :   D:14 (   Orc:2 ??[(   Elf:1 :[   Elf:2 !   Shoals:2 ?=[:
Vaults:3 :   Depths:2 :==[[

Portals:
Hell: Depths:1 Depths:2 Depths:3 Depths:4
Abyss: Shoals:3 Depths:1 Depths:3
Pandemonium: Depths:1 Depths:2
Ziggurat: Depths:3

Annotations:
Slime:3 exclusion: downstairs
Slime:4 exclusion: 2 downstairs
Slime:5 Royal Jelly
Elf:3 1 runed translucent door, bakla's ghost, adept DrFE
Vaults:4 exclusion: 3 downstairs
Crypt:1 exclusion: downstairs


Innate Abilities, Weirdness & Mutations

You cannot be hasted, slowed, berserked, paralysed or teleported.
You can dig through walls and to a lower floor.
You have a pair of large antennae on your head. (SInv)
Your four strong arms can wield two-handed weapons with a shield.
You are partially covered in large bone plates. (SH +4)
Armour fits poorly on your strangely shaped body.
You are robust. (+10% HP)


Message History

The acid blob is engulfed in freezing vapours.
Flame seeps out of the acid blob.
The acid blob is engulfed in freezing vapours.
Flame seeps out of the acid blob.
Unknown command.
Unknown command.
Unknown command.
Unknown command.
Unknown command.
The azure jelly is engulfed in freezing vapours.
The azure jelly hits you. The azure jelly freezes you. You resist.
The azure jelly hits you. The azure jelly freezes you! You resist.
The azure jelly barely misses you. The azure jelly hits you.
The quicksilver ooze is engulfed in freezing vapours.
The acid blob is engulfed in blazing flames.
The acid blob hits you!!
* * * LOW HITPOINT WARNING * * *
The acid corrodes you!
You are splashed with acid.
* * * LOW HITPOINT WARNING * * *
The Royal Jelly is engulfed in freezing vapours.
Flame seeps out of the Royal Jelly.
The Royal Jelly shudders.
The Royal Jelly spits out another jelly.
The acid blob is engulfed in freezing vapours. x2
The quicksilver ooze is engulfed in blazing flames.
The quicksilver ooze barely misses you. The quicksilver ooze hits you!
* * * LOW HITPOINT WARNING * * *
You feel your power leaking away.
The acid blob is engulfed in freezing vapours.
Flame seeps out of the acid blob.
The acid blob is engulfed in blazing flames.
Flame seeps out of the acid blob.
The acid blob spits acid at you. The splash of acid hits you!!
* * * LOW HITPOINT WARNING * * *
The acid corrodes you!
The azure jelly is engulfed in freezing vapours. x2
Flame seeps out of the azure jelly.
The acid blob jiggles.
The acid blob is engulfed in blazing flames.
The acid blob hits you!!
You die...

...................######,*****,,,,,,,,,,,,,,,,,,
......................#.#,,,,*,,,,,,,,,,,,,,,,,,,
......<..................,,,,,,,,,,,,,,,,,,,,,,,,
...#.....................,,,,,,,,,,,,,,,,,,,,,,,,
.####....................................,,,,,,,,
#* ##.#...............................J.,,,,,,,,
###..............................J..,,,,,,,*
##...................^........J...,,,,,,**
#.................................,,,,,,,*
###.........................J.......,,,,*,**
#...................................,,,****
#...................................,,*,*
#.......................§§§.J.......,,***
#...................§.§..§§.........,,*
##.................§§J§§§§§.........,**
##...............JJ§JJ§..........##**
###.............JJJ§J§§..........#
#.....#.......JJJ..§..........##
##..####......J@JJ........##.## ##.*
##.....°○○.....#####*## *** ##....#.....###
##....#...## ###.###### ###


You could see the Royal Jelly (inner flame), 8 acid blobs, 4 azure jellies and 2
quicksilver oozes.

Vanquished Creatures
  A dread lich (Crypt:3)
  A royal mummy (Depths:3)
  Vv (Crypt:2)
  Margery (Depths:4)
  Jory (Vaults:3)
  Nikola (Spider:1)
  A golden dragon (IceCv)
  A bone dragon (Depths:4)
  Arachne (Spider:1)
  2 tentacled monstrosities (Depths:4)
  4 liches
  5 deep elf master archers (Elf:3)
  18 acid blobs
  2 krakens
  A titan (Depths:4)
  4 deep elf blademasters (Elf:3)
  A shadow dragon (Depths:3)
  5 tengu reavers
  8 sphinxes
  Agnes (Spider:1)
  4 storm dragons
  9 azure jellies
  A revenant (Crypt:3)
  8 vault wardens
  3 rockslimes
  3 fire giants
  A draconian knight (Depths:4)
  2 emperor scorpions (Spider:4)
  5 frost giants
  An iron dragon (Depths:2)
  Aizul (Spider:1)
  Louise (D:14)
  A caustic shrike zombie (Tomb:1)
  A cacodemon (Depths:2)
  3 deep elf sorcerers (Elf:3)
  5 balrugs (Depths:3)
  7 ghost moths
  A juggernaut zombie (Crypt:3)
  3 reapers (Depths:3)
  A deep elf elementalist (Elf:1)
  2 angels (Elf:1)
  13 ironbound preservers
  A draconian shifter (Depths:4)
  8 ghouls
  2 curse skulls
  7 vampire knights
  3 spriggan defenders
  10 ironbound thunderhulks
  3 broodmothers
  11 quicksilver oozes
  7 war gargoyles
  7 stone giants
  29 very ugly things
  2 bennus (Tomb:1)
  Nessos (D:12)
  3 black draconians (Depths:4)
  A deep elf demonologist (Elf:3)
  2 yellow draconians (Depths:4)
  7 deep elf annihilators (Elf:3)
  A white draconian (Depths:4)
  A minotaur (Gauntlet)
  3 dire elephants (Vaults:1)
  2 purple draconians (Depths:4)
  15 spark wasps
  An eidolon (Crypt:3)
  8 merfolk javelineers
  10 ettins
  Snorg (D:14)
  4 blizzard demons (Depths:3)
  8 deep elf death magi
  11 jiangshi
  Josephine (D:14)
  10 fire dragons
  8 merfolk impalers
  4 crystal guardians
  4 entropy weavers
  7 yaktaur captains
  9 great orbs of eyes
  2 deep elf high priests (Elf:3)
  Fannar (D:11)
  2 hell beasts
  A rakshasa (Depths:1)
  5 vault guards
  8 ice dragons
  2 jorogumos
  A spriggan skeleton (Depths:1)
  2 death knights (Crypt:2)
  5 peacekeepers
  8 hydras
  13 spriggan air magi
  An Orb Guardian zombie (Crypt:1)
  6 ironbound frosthearts
  2 ogre magi (Orc:2)
  2 merfolk avatars
  9 two-headed ogres
  11 centaur warriors
  25 dancing weapons
  A deep troll shaman (Depths:3)
  2 satyrs
  An alligator snapping turtle (Shoals:3)
  8 boulder beetles
  4 merfolk aquamancers
  3 death yaks (D:12)
  A death yak (shapeshifter) (Vaults:2)
  8 tengu warriors
  2 orc high priests
  9 spriggan berserkers
  12 vampire magi
  2 deep troll earth magi (Depths:3)
  10 hell knights
  Urug (Lair:2)
  6 death scarabs
  12 deep elf knights
  Nergalle (Lair:2)
  Amaemon (D:11)
  A soul eater (Depths:2)
  A shadow wraith (Crypt:3)
  3 iron trolls
  20 skeletal warriors
  A fire crab (Lair:5)
  7 pharaoh ants
  A sixfirhy (D:14)
  6 sea snakes
  A steelbarb worm (shapeshifter) (Vaults:1)
  5 steelbarb worms
  54 deep trolls
  3 glowing orange brains
  An anaconda zombie (Crypt:3)
  A storm dragon skeleton (Crypt:2)
  11 flayed ghosts
  2 bunyip skeletons (Crypt:3)
  An anaconda skeleton (Crypt:2)
  8 orb spiders
  15 lindwurms
  4 deep elf archers
  2 shadow demons (Depths:3)
  6 necromancers
  4 wizards
  A bog body (Crypt:2)
  4 orc knights
  8 ironbound convokers
  20 deep elf pyromancers
  15 phantasmal warriors
  A tengu skeleton (Depths:1)
  48 harpies
  22 deep elf zephyrmancers
  21 wolf spiders
  41 ugly things
  10 fauns
  4 shining eyes
  2 oklob plants (Lair:4)
  7 centaur zombies (D:10)
  5 manticores
  3 cyclopes
  13 elephants
  12 vault sentinels
  5 smoke demons
  2 moths of wrath
  6 fire giant skeletons (Crypt:3)
  2 torpor snails
  4 black mambas
  7 merfolk sirens
  2 rust devils (D:14)
  4 gargoyles (Crypt:3)
  A titan simulacrum (Crypt:2)
  A dire elephant skeleton (Crypt:3)
  7 water nymphs
  A dire elephant zombie (Crypt:3)
  A torpor snail (shapeshifter) (D:15)
  An eye of devastation (Depths:3)
  6 orange demons
  A red draconian zombie (Crypt:1)
  6 komodo dragons
  11 cane toads
  2 efreet
  3 storm dragon simulacra (IceCv)
  2 rime drakes
  2 centaur skeletons (Crypt:3)
  A minotaur zombie (Gauntlet)
  3 freezing wraiths
  An alligator snapping turtle skeleton (Crypt:2)
  An unseen horror (D:11)
  A hellion (Depths:3)
  5 demonic crawlers (Spider:1)
  17 yaktaurs
  2 hellwings (D:14)
  7 tengu conjurers
  A hydra zombie (Crypt:1)
  7 guardian mummies
  A polar bear (shapeshifter) (D:15)
  10 golden dragon simulacra (IceCv)
  3 red devils (D:14)
  A death yak skeleton (Crypt:2)
  A troll (shapeshifter) (Elf:1)
  A queen bee (Spider:2)
  5 polar bears
  17 merfolk
  9 wind drakes
  16 trolls
  6 meliai
  A tengu simulacrum (Depths:1)
  Prince Ribbit (D:6)
  13 hornets
  5 blink frogs (Lair:1)
  A stone giant simulacrum (Depths:1)
  3 snapping turtles
  6 dream sheep (Lair:5)
  A meliai zombie (D:10)
  A moth of wrath zombie (Crypt:1)
  20 tarantellas
  111 slime creatures
  10 fire dragon skeletons (Crypt:3)
  34 water elementals
  22 wraiths
  8 air elementals
  12 culicivoras
  14 spriggans
  2 shadows (Crypt:3)
  46 yaks
  A human (shapeshifter) (Elf:3)
  30 jumping spiders
  3 vampires (Crypt:3)
  A ynoxinul (Depths:2)
  An ushabti (Tomb:1)
  8 basilisks
  A fire elemental (Elf:1)
  18 golden eyes
  A redback (shapeshifter) (D:15)
  2 chaos spawn
  8 wyverns
  47 redbacks
  A neqoxec (Depths:2)
  2 vampire mosquitoes (D:12)
  2 wargs
  Menkaure (D:5)
  3 steam dragons (Volcano)
  A deep troll zombie (Crypt:1)
  An acid dragon (D:11)
  15 water moccasins
  A demonspawn skeleton (Crypt:2)
  A swamp drake (D:9)
  A floating eye (Depths:3)
  Duvessa (D:4)
  2 hell hounds
  A glowing shapeshifter skeleton (Crypt:1)
  2 ice beasts (D:6)
  22 orc warriors
  4 black bears
  7 ice dragon simulacra (IceCv)
  15 boggarts
  28 ogres
  An ogre (shapeshifter) (Vaults:3)
  2 centaurs
  32 wolves
  2 phantoms
  7 kobold brigands
  13 bullfrogs
  A salamander zombie (Crypt:2)
  9 necrophages
  2 earth elementals (Elf:1)
  6 scorpions
  9 wights
  Dowan (D:4)
  A lindwurm simulacrum (IceCv)
  25 killer bees
  A warg skeleton (Crypt:2)
  A howler monkey (D:11)
  10 electric eels
  2 lava snakes (Lair:3)
  A hound (D:7)
  A gnoll bouda (D:8)
  17 orc priests
  10 jellies
  3 iguanas
  Crazy Yiuf (D:7)
  Ijyb (D:4)
  22 orc wizards
  Natasha (thrice) (D:4)
  A mummy (Tomb:1)
  2 howler monkey zombies (D:10)
  10 adders
  6 gnolls
  2 white imps
  An ufetubus (D:7)
  An iguana skeleton (Crypt:2)
  2 dart slugs
  67 orcs
  3 bats
  8 endoplasms
  5 giant cockroaches
  8 goblins
  6 hobgoblins
  25 kobolds
  4 quokkas
  7 ball pythons
  8 frilled lizards
  A giant cockroach zombie (Crypt:2)
  A hobgoblin zombie (Crypt:1)
  A jackal zombie (Crypt:2)
  6 rats
  2 rat skeletons (Crypt:1)
  2 lurking horrors (Shoals:3)
  A tentacle (Shoals:3)
2033 creatures vanquished.

Vanquished Creatures (collateral kills)
  A spriggan skeleton (Crypt:3)
  A titan skeleton (Crypt:3)
  4 ball lightnings
6 creatures vanquished.

Vanquished Creatures (others)
  A deep elf pyromancer (Elf:2)
  A kobold (D:15)
  224 ball lightnings
  3 demonic plants (D:14)
  43 fungi
  187 plants
  15 tentacles (Shoals:3)
  11 withered plants (Crypt:3)
485 creatures vanquished.

Grand Total: 2524 creatures vanquished

Notes
Turn   | Place    | Note
-------+----------+-------------------------------------------
     0 | D:5      | petzl the Formicid Delver began the quest for the Orb.
     0 | D:5      | Reached XP level 1. HP: 18/18 MP: 1/1
    25 | D:6      | Noticed an iguana
    26 | D:6      | Noticed Prince Ribbit
    62 | D:5      | Noticed a water moccasin
   254 | D:4      | Noticed Duvessa
   254 | D:4      | Noticed Dowan
   330 | D:2      | Reached XP level 2. HP: 24/24 MP: 1/3
   340 | D:2      | Reached skill level 1 in Spellcasting
   514 | D:1      | You fall into a shaft and drop 1 floor!
   719 | D:1      | Reached XP level 3. HP: 24/30 MP: 4/4
  1339 | D:1      | Reached XP level 4. HP: 37/37 MP: 6/6
  1851 | D:2      | Identified the +12 hand axe of Peril {freeze, Will+ Int+2}
  2036 | D:3      | Identified the +5 mace of Wiajakan {vorpal, Contam rN+++
                  | rCorr Dex-5}
  2071 | D:3      | Found a shadowy altar of Dithmenos.
  2195 | D:3      | Reached skill level 2 in Spellcasting
  2371 | D:3      | Reached skill level 1 in Axes
  2371 | D:3      | Reached XP level 5. HP: 40/42 MP: 8/8
  2483 | D:3      | Found Kacuviat's Jewellery Boutique.
  2975 | D:4      | Noticed Ijyb
  3011 | D:4      | Noticed Natasha
  3097 | D:4      | Killed Natasha
  3217 | D:4      | Reached XP level 6. HP: 49/49 MP: 9/9
  3219 | D:4      | Noticed Natasha
  3227 | D:4      | Killed Natasha
  3317 | D:4      | Noticed Natasha
  3322 | D:4      | Killed Natasha
  3466 | D:4      | You fall into a shaft and drop 3 floors!
  3510 | D:7      | Reached skill level 1 in Armour
  3604 | D:8      | Found an opulent altar of Gozag.
  3650 | D:9      | Noticed an orc warrior
  3682 | D:8      | Identified the +4 ring mail "Jurchygh" {rF+ rN+}
  3798 | D:9      | Found a bloodstained altar of Trog.
  3810 | D:9      | Found a sacrificial altar of Ru.
  3839 | D:10     | Entered Level 10 of the Dungeon
  3928 | D:11     | Noticed an acid dragon
  3968 | D:11     | Noticed an unseen horror
  3986 | D:10     | Noticed a wraith
  4099 | D:9      | Noticed an orc warrior
  4114 | D:9      | Reached skill level 3 in Spellcasting
  4114 | D:9      | Reached XP level 7. HP: 47/55 MP: 11/11
  4200 | D:8      | Noticed a yak
  4200 | D:8      | Noticed a yak
  4200 | D:8      | Noticed a wyvern
  4273 | D:8      | Reached skill level 5 in Fighting
  4383 | D:8      | Learned a level 3 spell: Ozocubu's Armour
  4388 | D:8      | Learned a level 4 spell: Flame Wave
  4507 | D:7      | Reached skill level 1 in Ice Magic
  4576 | D:6      | Reached XP level 8. HP: 60/62 MP: 13/13
  4719 | D:7      | Identified a scroll of acquirement
  4721 | D:7      | Acquired the +2 pair of gloves of the Lich-sworn {Contam
                  | Fly rC++ Regen+}
  4886 | D:5      | Reached skill level 4 in Spellcasting
  4918 | D:5      | Noticed Menkaure
  4975 | D:4      | Killed Dowan
  5045 | D:4      | HP: 2/64 [Duvessa/+2 short sword of electrocution (20)]
  5046 | D:4      | You are sucked into a shaft and drop 2 floors!
  5095 | D:6      | Reached skill level 1 in Fire Magic
  5116 | D:6      | Reached XP level 9. HP: 69/69 MP: 15/15
  5393 | D:5      | Found a runed translucent door.
  5407 | D:5      | Found a runed translucent door.
  5531 | D:5      | Found a sparkling altar of Nemelex Xobeh.
  5625 | D:5      | You are sucked into a shaft and drop 1 floor!
  5675 | D:6      | Identified the +6 spear "Kutzem" {vorpal, rElec Stlth+}
  5679 | D:6      | Found a shimmering altar of Xom.
  5775 | D:6      | Found a glowing golden altar of the Shining One.
  5958 | D:3      | Bought a +4 ring of protection for 396 gold pieces
  6006 | D:4      | You are sucked into a shaft and drop 1 floor!
  6058 | D:4      | Killed Ijyb
  6320 | D:6      | Killed Prince Ribbit
  6857 | D:7      | Reached skill level 5 in Ice Magic
  6884 | D:7      | Found a hazy altar of Hepliaklqana.
  6884 | D:7      | Found a snail-covered altar of Cheibriados.
  6885 | D:7      | Identified the +6 arbalest "Adilegr Cufe" {freeze, SInv}
  6935 | D:7      | Reached skill level 5 in Spellcasting
  6976 | D:7      | Learned a level 5 spell: Freezing Cloud
  7068 | D:7      | Found a staircase to the Ecumenical Temple.
  7085 | D:7      | Found a runed translucent door.
  7086 | D:7      | Noticed Crazy Yiuf
  7092 | D:7      | Killed Crazy Yiuf
  7250 | D:8      | Reached XP level 10. HP: 77/77 MP: 17/17
  7304 | D:8      | Reached skill level 1 in Conjurations
  7304 | D:8      | Reached skill level 1 in Air Magic
  7313 | D:8      | Reached skill level 1 in Ranged Weapons
  7430 | D:8      | Found Ozegeb's Book Shoppe.
  7706 | D:8      | Learned a level 3 spell: Mephitic Cloud
  7710 | D:8      | Learned a level 3 spell: Ignite Poison
  7810 | D:9      | Reached skill level 6 in Spellcasting
  7817 | D:9      | Reached skill level 1 in Poison Magic
  8382 | D:9      | You are sucked into a shaft and drop 2 floors!
  8536 | D:10     | Identified the +2 mace "Fazuneqo" {spect, Int-4 Dex+8}
  8621 | D:10     | Reached XP level 11. HP: 83/83 MP: 20/20
  8707 | D:10     | Reached skill level 1 in Transmutations
  8843 | D:10     | Reached skill level 1 in Evocations
  9193 | D:10     | Found a staircase to the Orcish Mines.
  9213 | D:10     | Reached skill level 5 in Conjurations
  9376 | D:10     | Found a basalt altar of Yredelemnul.
  9399 | D:10     | Reached skill level 7 in Spellcasting
  9471 | Orc:1    | Entered Level 1 of the Orcish Mines
  9471 | Orc:1    | Noticed an orc knight
  9483 | Orc:1    | Killed an orc knight
  9600 | Orc:1    | Noticed an orc knight
  9612 | Orc:1    | Noticed an orc knight
  9615 | Orc:1    | Killed an orc knight
  9832 | D:9      | Reached skill level 5 in Air Magic
  9836 | D:9      | Reached XP level 12. HP: 91/91 MP: 17/22
  9931 | D:9      | Found a broken altar of Ashenzari.
 10187 | D:9      | Found a staircase to the Lair.
 10224 | Lair:1   | Entered Level 1 of the Lair of Beasts
 10380 | Lair:1   | Found a dark tunnel.
 10394 | Volcano  | Entered a volcano
 10702 | Volcano  | Noticed a fire dragon
 10766 | Volcano  | Reached skill level 9 in Spellcasting
 10766 | Volcano  | Reached XP level 13. HP: 98/98 MP: 23/26
 10776 | Volcano  | Learned a level 4 spell: Summon Ice Beast
 10787 | Volcano  | Killed a fire dragon
 11200 | Lair:1   | Reached skill level 5 in Axes
 11203 | Lair:1   | Reached skill level 1 in Summonings
 11664 | Lair:2   | Reached skill level 10 in Spellcasting
 11664 | Lair:2   | Reached skill level 5 in Poison Magic
 11746 | Lair:2   | Noticed Urug
 11753 | Lair:2   | Reached XP level 14. HP: 101/105 MP: 22/28
 11755 | Lair:2   | Killed Urug
 11777 | Lair:2   | Noticed Nergalle
 12057 | Lair:4   | Reached skill level 5 in Armour
 12100 | Lair:5   | Entered Level 5 of the Lair of Beasts
 12390 | Lair:5   | Found a staircase to the Slime Pits.
 12390 | Lair:5   | Found a viscous altar of Jiyva.
 12580 | Lair:2   | Found a hole to the Spider Nest.
 13258 | Lair:2   | Killed Nergalle
 14109 | Temple   | Entered the Ecumenical Temple
 14138 | Temple   | Became a worshipper of Vehumet
 14169 | D:8      | Bought a book of Blood for 420 gold pieces
 14172 | D:8      | Learned a level 2 spell: Sublimation of Blood
 14667 | Lair:3   | Reached skill level 1 in Necromancy
 14751 | Lair:3   | Found a staircase to the Shoals.
 15017 | Lair:3   | Reached skill level 5 in Transmutations
 15549 | Lair:4   | Reached * piety under Vehumet
 15549 | Lair:4   | Offered knowledge of Sandblast by Vehumet.
 15704 | Lair:4   | Found the +1 robe of Vines {NoPotionHeal Regen++++}
 16623 | Lair:4   | Reached skill level 5 in Fire Magic
 16972 | Lair:5   | Reached XP level 15. HP: 111/113 MP: 24/29
 17174 | Lair:5   | Offered knowledge of Freeze by Vehumet.
 17250 | Lair:5   | Reached ** piety under Vehumet
 17385 | Lair:5   | Reached skill level 5 in Necromancy
 17389 | Lair:5   | Reached skill level 11 in Spellcasting
 17428 | Lair:5   | Offered knowledge of Hailstorm by Vehumet.
 17913 | Lair:5   | Reached *** piety under Vehumet
 18138 | Lair:5   | Reached skill level 1 in Shields
 18240 | Shoals:1 | Entered Level 1 of the Shoals
 18303 | Shoals:1 | Noticed a kraken
 18646 | D:5      | You are sucked into a shaft and drop 1 floor!
 18699 | D:5      | Killed Menkaure
 18987 | D:4      | Killed Duvessa
 18989 | D:4      | Reached skill level 5 in Dodging
 19215 | D:11     | Noticed Fannar
 19316 | D:11     | Noticed Amaemon
 19363 | D:11     | Offered knowledge of Frozen Ramparts by Vehumet.
 19630 | D:12     | Found a broken altar of Ashenzari.
 20054 | Orc:1    | Reached **** piety under Vehumet
 20063 | Orc:1    | Offered knowledge of Olgreb's Toxic Radiance by Vehumet.
 20069 | Orc:1    | Learned a level 4 spell: Olgreb's Toxic Radiance
 20367 | Orc:2    | Entered Level 2 of the Orcish Mines
 20409 | Orc:2    | Found a staircase to the Elven Halls.
 20587 | Orc:2    | Reached skill level 10 in Fighting
 21066 | Orc:2    | Found Doalobrafua's Magic Scroll Shop.
 21067 | Orc:2    | Found Vaehabit's Armour Boutique.
 21107 | Orc:2    | Reached XP level 16. HP: 122/122 MP: 31/31
 21131 | Orc:2    | Found Wilelul's Weapon Shoppe.
 21131 | Orc:2    | Found Valarit's Antique Armour Boutique.
 21152 | Orc:2    | Reached ***** piety under Vehumet
 21216 | Orc:2    | Offered knowledge of Starburst by Vehumet.
 21378 | Orc:2    | Found Goud's Magic Scroll Emporium.
 21388 | Orc:2    | Bought a scroll of identify for 30 gold pieces
 21388 | Orc:2    | Bought a scroll of identify for 30 gold pieces
 21470 | Orc:2    | Bought a scroll of identify for 26 gold pieces
 21553 | Orc:2    | Bought the +0 cloak of a wizard's laboratory {rElec rPois}
                  | for 363 gold pieces
 21575 | Orc:2    | Bought a scroll of identify for 26 gold pieces
 21575 | Orc:2    | Bought a scroll of magic mapping for 97 gold pieces
 21616 | Orc:2    | Bought a scroll of fear for 60 gold pieces
 21616 | Orc:2    | Bought a scroll of magic mapping for 112 gold pieces
 21616 | Orc:2    | Bought a scroll of enchant armour for 112 gold pieces
 21664 | Elf:1    | Entered Level 1 of the Elven Halls
 21668 | Elf:1    | Reached skill level 10 in Conjurations
 21722 | Elf:1    | Found a glowing golden altar of the Shining One.
 21723 | Elf:1    | Found a white marble altar of Elyvilon.
 21932 | D:11     | Killed Fannar
 22161 | D:11     | Found an ornate altar of the Wu Jian Council.
 22467 | D:11     | Killed Amaemon
 22684 | D:12     | Reached skill level 12 in Spellcasting
 23095 | D:12     | Noticed Nessos
 23100 | D:12     | Killed Nessos
 24218 | D:14     | Noticed Snorg
 24227 | D:14     | Killed Snorg
 24240 | D:14     | Noticed Louise
 24253 | D:14     | Killed Louise
 24264 | D:13     | You are sucked into a shaft and drop 2 floors!
 24264 | D:15     | Entered Level 15 of the Dungeon
 24382 | D:14     | Found Wofu's Weapon Shop.
 24388 | D:14     | Found a gate leading to a gauntlet.
 24398 | Gauntlet | Entered a Gauntlet
 24398 | Gauntlet | Found a transporter.
 24398 | Gauntlet | Found a transporter.
 24404 | Gauntlet | Found a transporter.
 24419 | Gauntlet | Found a transporter.
 24430 | Gauntlet | Found a large runed translucent door.
 24431 | Gauntlet | Found a large runed translucent door.
 24432 | Gauntlet | Found a large runed translucent door.
 24432 | Gauntlet | Found a large runed translucent door.
 24432 | Gauntlet | Found a large runed translucent door.
 24432 | Gauntlet | Found a large runed translucent door.
 24432 | Gauntlet | Found a large runed translucent door.
 24432 | Gauntlet | Found a large runed translucent door.
 24433 | Gauntlet | Found a runed translucent door.
 24433 | Gauntlet | Found a runed translucent gate.
 24434 | Gauntlet | Found a transporter.
 24434 | Gauntlet | Found a runed translucent gate.
 24434 | Gauntlet | Found a transporter.
 24434 | Gauntlet | Found a transporter.
 24435 | Gauntlet | Found a runed translucent door.
 24435 | Gauntlet | Found a runed translucent gate.
 24436 | Gauntlet | Found a transporter.
 24436 | Gauntlet | Found a transporter.
 24451 | Gauntlet | Found a transporter.
 24468 | Gauntlet | Found a transporter.
 24494 | Gauntlet | Found a transporter.
 24499 | Gauntlet | Found a transporter.
 24537 | Gauntlet | Found a large runed translucent door.
 24538 | Gauntlet | Found a large runed translucent door.
 24538 | Gauntlet | Found a large runed translucent door.
 24539 | Gauntlet | Found a large runed translucent door.
 24539 | Gauntlet | Found a large runed translucent door.
 24539 | Gauntlet | Found a large runed translucent door.
 24539 | Gauntlet | Found a large runed translucent door.
 24543 | Gauntlet | Found a large runed translucent door.
 24548 | Gauntlet | Found a transporter.
 24694 | Gauntlet | Learned a level 1 spell: Kiss of Death
 24699 | Gauntlet | Learned a level 4 spell: Dispel Undead
 24718 | Gauntlet | Identified the ring of Xom's Sleight of Hands {*Corrode
                  | Will+ Int+6 Dex+2}
 24793 | Gauntlet | Identified the ring of Anethuru {rC+++ Will+ MP+9 Int-4
                  | Dex+3}
 24982 | Gauntlet | Identified the +6 dagger of Hepliaklqana's Esteem {vorpal,
                  | Fragile Will++}
 24982 | Gauntlet | Identified the amulet of the Traitor {Reflect Drain Int+10
                  | Dex-5 SH+5 Stlth+}
 25114 | D:13     | Learned a level 6 spell: Iron Shot
 25158 | D:13     | Reached skill level 1 in Earth Magic
 25412 | Spider:1 | Entered Level 1 of the Spider Nest
 25436 | Spider:1 | Offered knowledge of Arcjolt by Vehumet.
 25451 | Lair:2   | You are sucked into a shaft and drop 1 floor!
 25698 | Spider:1 | Reached skill level 5 in Earth Magic
 25973 | Spider:1 | Reached XP level 17. HP: 125/130 MP: 28/33
 26183 | Spider:1 | Noticed Aizul
 26194 | Spider:1 | Killed Aizul
 26479 | Spider:2 | Noticed Arachne
 26518 | Spider:1 | Noticed Agnes
 26690 | Spider:1 | Noticed Nikola
 26709 | Spider:1 | Killed Nikola
 28135 | Shoals:2 | Found Vul Fuppaiq's Armour Boutique.
 28170 | Shoals:2 | Bought the +3 buckler "Holocox" {rC+} for 502 gold pieces
 28196 | Shoals:2 | Reached skill level 13 in Spellcasting
 28203 | Shoals:2 | Found Cekhlet's Jewellery Boutique.
 28240 | Shoals:2 | Found a frozen archway.
 28321 | IceCv    | Entered an ice cave
 28484 | IceCv    | Offered knowledge of Orb of Destruction by Vehumet.
 29038 | IceCv    | Noticed a golden dragon
 29073 | IceCv    | Killed a golden dragon
 29487 | IceCv    | Identified the ring of Wuulel {Fire Int+4 Dex+3}
 29496 | IceCv    | Identified the ring of the Echidna {*Corrode rElec rN+
                  | Will+++ Int+3}
 30286 | D:10     | Learned a level 7 spell: Orb of Destruction
 30540 | Shoals:1 | Killed a kraken
 30541 | Shoals:1 | Reached skill level 10 in Stealth
 30887 | Shoals:2 | Found Ydwoniwu's Book Shop.
 30914 | Shoals:2 | Bought a book of Chaos for 700 gold pieces
 31171 | D:10     | Learned a level 6 spell: Conjure Ball Lightning
 31449 | Shoals:4 | Entered Level 4 of the Shoals
 31735 | Shoals:4 | Reached XP level 18. HP: 122/141 MP: 26/35
 31896 | Shoals:4 | Identified the +4 trident of Midnight {drain, rF+ Will+}
 31906 | Shoals:4 | Identified the ring of the Traitor {rF+ rC- Will+ Dex+2}
 32294 | Shoals:3 | Noticed a kraken
 32480 | Shoals:2 | Reached skill level 14 in Spellcasting
 32709 | Shoals:2 | Found Paviu's Magic Scroll Emporium.
 32750 | Shoals:2 | Offered knowledge of Lightning Bolt by Vehumet.
 33836 | Shoals:3 | Found a corrupted altar of Lugonu.
 33836 | Shoals:3 | Found a one-way gate to the infinite horrors of the Abyss.
 34032 | Shoals:3 | Identified the +0 helmet of Patience {Dex+4}
 34266 | Shoals:3 | Killed a kraken
 34572 | Shoals:4 | Reached skill level 15 in Spellcasting
 34840 | Shoals:4 | Offered knowledge of Fireball by Vehumet.
 35540 | Shoals:4 | Got a barnacled rune of Zot
 35852 | Shoals:2 | Bought a scroll of poison for 40 gold pieces
 36517 | D:10     | Gained mutation: You are robust. (+10% HP) [potion of
                  | mutation]
 36517 | D:10     | Gained mutation: You are partially covered in large bone
                  | plates. (SH +4) [potion of mutation]
 36531 | D:10     | Learned a level 5 spell: Fireball
 36789 | D:14     | Reached XP level 19. HP: 161/161 MP: 38/38
 37003 | D:14     | Noticed Josephine
 37008 | D:14     | Killed Josephine
 37377 | D:14     | Found a gate to the Vaults.
 38510 | D:15     | Offered knowledge of Lee's Rapid Deconstruction by Vehumet.
 38861 | D:15     | Found a staircase to the Depths.
 38890 | Depths:1 | Entered Level 1 of the Depths
 39005 | Depths:1 | Found a gateway to Hell.
 39476 | Vaults:1 | Entered Level 1 of the Vaults
 40134 | Vaults:2 | Identified the +5 war axe "Naleiddo" {drain, rN+}
 40853 | Vaults:1 | Reached skill level 16 in Spellcasting
 41867 | Vaults:2 | Reached XP level 20. HP: 147/172 MP: 27/40
 42319 | Vaults:2 | Reached skill level 10 in Fire Magic
 42698 | Vaults:1 | Offered knowledge of Maxwell's Capacitive Coupling by
                  | Vehumet.
 45469 | Vaults:3 | Found Duenk's Book Shoppe.
 45998 | Vaults:3 | Noticed Jory
 46014 | Vaults:3 | Killed Jory
 46015 | Vaults:3 | Reached XP level 21. HP: 148/182 MP: 13/41
 46487 | Vaults:3 | Found a staircase to the Crypt.
 46487 | Vaults:3 | Found an ancient bone altar of Kikubaaqudgha.
 46488 | Vaults:3 | Found a basalt altar of Yredelemnul.
 46494 | Crypt:1  | Entered Level 1 of the Crypt
 47367 | Vaults:4 | Reached skill level 17 in Spellcasting
 47626 | Vaults:4 | Reached ****** piety under Vehumet
 47968 | Vaults:4 | Offered knowledge of Shatter by Vehumet.
 47968 | Vaults:4 | Offered knowledge of Chain Lightning by Vehumet.
 47968 | Vaults:4 | Offered knowledge of Polar Vortex by Vehumet.
 48137 | Vaults:4 | Reached skill level 15 in Fighting
 49562 | Elf:2    | Found a runed translucent gate.
 49608 | Elf:2    | Found a runed translucent gate.
 49608 | Elf:2    | Found a runed translucent gate.
 49625 | Elf:1    | Found Nan Ynui's Armour Boutique.
 49640 | Elf:1    | Found a shimmering blue altar of Sif Muna.
 50241 | Elf:1    | Found Turadwopp's Vocational Training.
 50513 | Elf:1    | Found a glowing silver altar of Zin.
 50954 | Elf:3    | Entered Level 3 of the Elven Halls
 51061 | Elf:3    | Found a flickering gateway to a bazaar.
 51066 | Bazaar   | Entered a bazaar
 51066 | Bazaar   | Found Molesid's Distillery.
 51078 | Bazaar   | Found Zosatwofuh's Antique Armour Shop.
 51105 | Bazaar   | Found Ewyuc's Antique Weapon Shop.
 51133 | Bazaar   | Bought a pair of faintly humming boots for 275 gold pieces
 51133 | Bazaar   | Identified the +0 pair of boots of Imperfection {rPois
                  | rF+++ Dex-5 Slay-4} (You bought it in a shop in a bazaar)
 51146 | Bazaar   | Bought a potion of heal wounds for 50 gold pieces
 51146 | Bazaar   | Bought a potion of curing for 30 gold pieces
 51146 | Bazaar   | Bought a potion of heal wounds for 50 gold pieces
 51146 | Bazaar   | Bought a potion of curing for 30 gold pieces
 51146 | Bazaar   | Bought a potion of curing for 30 gold pieces
 51146 | Bazaar   | Bought a potion of magic for 80 gold pieces
 51146 | Bazaar   | Bought a potion of brilliance for 40 gold pieces
 51253 | Elf:3    | Found a runed translucent door.
 51255 | Elf:3    | Noticed bakla's ghost (adept DrFE)
 51474 | Elf:2    | Found Ipuhaim's Distillery.
 51555 | Elf:2    | Bought a potion of mutation for 136 gold pieces
 51555 | Elf:2    | Bought a potion of mutation for 136 gold pieces
 52470 | Elf:3    | Reached XP level 22. HP: 178/193 MP: 29/43
 52472 | Elf:3    | Reached skill level 10 in Ice Magic
 52755 | Elf:3    | Reached skill level 15 in Conjurations
 53148 | Elf:3    | Identified the +6 sling "Usiucsiesa" {flame, +Blink Fly rC+
                  | Int+2}
 53180 | Elf:3    | Identified the +7 plate armour "Zoahuh" {rElec rF+ rCorr}
 53303 | Elf:3    | Found the +3 salamander hide armour {Flames rF++ rC--}
 53383 | Elf:3    | Got the Textbook on Snow and Darkness
 53398 | Elf:3    | Identified the ring "Fizxeoke" {rN+ EV+4 Str+2 Int+4}
 53545 | Elf:3    | Identified the +6 broad axe "Killer Bee's Death" {drain,
                  | +Blink}
 53789 | Elf:3    | Upgraded the game from 0.30-a0-365-ge7f957f1db to
                  | 0.30-a0-368-g86fb4627a9
 54893 | Vaults:3 | You are sucked into a shaft and drop 1 floor!
 55513 | Crypt:1  | Reached skill level 18 in Spellcasting
 56084 | Vaults:3 | You are sucked into a shaft and drop 1 floor!
 57626 | Crypt:2  | Noticed Vv
 58975 | Crypt:2  | Reached XP level 23. HP: 203/203 MP: 30/45
 59295 | Crypt:3  | Entered Level 3 of the Crypt
 59507 | Crypt:2  | Killed Vv
 60234 | Crypt:1  | Upgraded the game from 0.30-a0-368-g86fb4627a9 to
                  | 0.30-a0-371-gad7725a93e
 61446 | Crypt:3  | Learned a level 4 spell: Passage of Golubria
 61497 | Crypt:3  | Reached skill level 1 in Translocations
 62114 | Crypt:3  | Identified the +3 great sword of Fuafoc {vorpal, rElec rF+
                  | Dex+4}
 63003 | Crypt:3  | Reached skill level 5 in Translocations
 63005 | Crypt:3  | Identified the +7 hand axe of Context {vorpal, rN+ Dex+2
                  | SInv}
 63103 | Crypt:3  | Found a staircase to the Tomb.
 63248 | Crypt:3  | Noticed a dread lich
 63252 | Crypt:3  | Killed a dread lich
 63437 | Crypt:3  | Got the Tome of Dark Arts
 63617 | Crypt:3  | Found the ring of the Mage {Wiz Archmagi}
 63737 | Tomb:1   | Entered Level 1 of the Tomb of the Ancients
 64868 | D:10     | Learned a level 1 spell: Apportation
 65269 | Spider:1 | Killed Agnes
 65432 | Spider:1 | Killed Arachne
 66411 | Spider:3 | Reached XP level 24. HP: 197/197 MP: 39/45
 66657 | Spider:4 | Entered Level 4 of the Spider Nest
 67171 | Spider:4 | Identified the +4 mace of the Sky {vorpal, Str+5 SInv}
 67911 | Spider:3 | Identified the +9 trident "Yhapnud" {venom, Fly Str-2
                  | Int+3}
 69553 | Spider:4 | Got a gossamer rune of Zot
 70404 | Depths:1 | Reached skill level 19 in Spellcasting
 70540 | Depths:2 | Found the ring of the Tortoise {AC+8}
 70661 | Depths:1 | Found a one-way gate leading to the halls of Pandemonium.
 70820 | Depths:1 | Found a stormy altar of Qazlal.
 71424 | Depths:2 | Reached skill level 15 in Fire Magic
 71794 | Depths:4 | Entered Level 4 of the Depths
 71819 | Depths:4 | Noticed Margery
 72216 | Depths:3 | Reached XP level 25. HP: 206/222 MP: 46/46
 72417 | Depths:3 | Found a large runed translucent door.
 72418 | Depths:3 | Found a large runed translucent door.
 72441 | Depths:3 | Found a one-way gateway to a ziggurat.
 72641 | Depths:3 | Found a burning altar of Makhleb.
 73071 | Depths:2 | Found Qyfef's Jewellery Shop.
 73072 | Depths:2 | Found Offao's Book Shoppe.
 73074 | Depths:2 | Found Jethran's Jewellery Shop.
 73138 | Depths:2 | Found Obrikosy's Armour Boutique.
 73681 | Depths:2 | Found Ziothes's Armour Emporium.
 73684 | Depths:2 | Bought the +2 scale mail of the Thirsty Mystics {rC+ Int+4}
                  | for 873 gold pieces
 74101 | Depths:4 | Reached skill level 20 in Spellcasting
 74276 | Depths:4 | Found a gate to the Realm of Zot.
 74974 | Depths:4 | Killed Margery
 76211 | Depths:3 | Reached XP level 26. HP: 224/232 MP: 39/47
 76314 | Depths:3 | Noticed a royal mummy
 76324 | Depths:3 | You are sucked into a shaft and drop 1 floor!
 76504 | Depths:3 | Killed a royal mummy
 76596 | Depths:3 | Identified the +8 shortbow "Coelo" {flame, rPois rF++ rN+}
 76599 | Depths:3 | Identified the +0 ring mail of the Turtle {rPois Regen+}
 77352 | Slime:1  | Entered Level 1 of the Pits of Slime
 77391 | Slime:1  | Reached skill level 5 in Shields
 78676 | Slime:3  | Gained mutation: Armour fits poorly on your strangely
                  | shaped body. [a shining eye]
 79624 | Slime:5  | Entered Level 5 of the Pits of Slime
 80020 | Slime:5  | Reached skill level 21 in Spellcasting
 80082 | Slime:5  | Noticed the Royal Jelly
 80360 | Slime:4  | Reached skill level 15 in Ice Magic
 80374 | Slime:4  | Learned a level 9 spell: Polar Vortex
 80667 | Slime:5  | Mangled by an acid blob

Illustrated notes

Levels and vault maps discovered:
D:1:      minmay_arrival_up_and_down, layout_basic
D:2:      layout_basic
D:3:      layout_basic, nicolae_overflow_crystal_walls, serial_shops,
          nicolae_shop_behind_doors
D:4:      layout_loops_ring, chequers_serial_rivers_micro_d, uniq_ijyb,
          uniq_natasha, uniq_duvessa
D:5:      lemuel_insect_pit, layout_basic, lemuel_round_altar,
          gup_sewer_entry_glass, kennysheep_doodads, uniq_menkaure
D:6:      layout_rooms, mainiacjoe_overflow_chevrons, lemuel_tele_altar,
          kennysheep_pointless_box, uniq_prince_ribbit1
D:7:      layout_loops_ring, jmf_multi_god_temple,
          minmay_temple_entry_from_below_a, uniq_crazy_yiuf_cottage
D:8:      layout_basic, mainiacjoe_overflow_small_starburst, serial_shops, shop
D:9:      layout_stronghold, mainiacjoe_overflow_six_doors_small, bloody_trog,
          kennysheep_little_box, erik_lair_dragon
D:10:     layout_irregular_city, nicolae_yredelemnul_corpse_copse,
          david_orc_1_choice, hangedman_decor_push
D:11:     layout_rooms, nicolae_wu_jian_immortal_techniques, uniq_amaemon,
          uniq_fannar
D:12:     lemuel_troll_bridge, layout_long_grid, nicolae_ashenzari_skybound,
          uniq_nessos
D:13:     layout_irregular_city
D:14:     layout_cave_pools, erik_vaults_1, nicolae_wwwww, serial_demonic,
          serial_demonic_b, serial_demonic_g, serial_demonic_f,
          serial_demonic_f, gauntlet_entry_generic, serial_shops,
          nicolae_shop_bloodbath_and_beyond, chequers_serial_rivers_micro_d,
          minmay_beelzebubs_servants, uniq_snorg, uniq_louise, uniq_josephine
D:15:     grunt_enter_depths_hoard, layout_cave_pools, hangedman_glass_teeth,
          minmay_unpleasant_kobolds
Temple:   bh_familiar_temple
Lair:1:   layout_long_grid, enter_volcano_2, grunt_megastairs_3
Lair:2:   layout_loops_ring, spider_nest_entry_funnel_web, uniq_urug,
          uniq_nergalle
Lair:3:   layout_regular_city, elwin_shoals_entry_rocks,
          nicolae_lair_liquid_snakes, lemuel_fruit_tree
Lair:4:   layout_regular_city, hellmonk_guarded_unrand_vines, wad_woods_river_01
Lair:5:   minmay_lair_end_enchanted_forest, layout_loops_ring, slime_entry_1,
          serial_bayou_shore_b
Shoals:1: layout_shoals
Shoals:2: layout_shoals, portal_ice_cave_entry_pillars_1, serial_shops, shop,
          shop_statue, shop, shop, nicolae_shoals_water_booths
Shoals:3: layout_shoals, amcnicky_altar_lugonu_corruption
Shoals:4: shoals_end_hellmonk_storm_palace [storm_palace_center_square,
          storm_palace_corner_blocked, storm_palace_corner_reverse_hut,
          storm_palace_corner_pillars, storm_palace_corner_narrow]
Spider:1: layout_spider_delve, nicolae_spider_checkerboard, uniq_agnes,
          uniq_nikola, uniq_aizul
Spider:2: layout_spider_delve, special_room [special_room_bee], uniq_arachne
Spider:3: layout_spider_delve
Spider:4: spider_rune_water
Slime:1:  layout_caves
Slime:2:  layout_caves
Slime:3:  layout_caves
Slime:4:  layout_caves, nicolae_slime_welcoming_committee
Slime:5
Orc:1:    layout_caves
Orc:2:    st_orc_open, layout_caves, serial_shops, nicolae_lakefront_shop,
          bh_open_orc_temple
Elf:1:    minmay_elf_arrival_summoners, layout_geoelf_octagon, serial_shops,
          shop, basic_altar, portal_desolation_entry_holy_temple,
          hangedman_corner_corridor, nicolae_shop_vocational
Elf:2:    elven_hall_of_blades_hangedman_original [nicolae_blade_lattice],
          layout_gridlike, serial_shops, shop
Elf:3:    minmay_elf_hall, layout_geoelf_castle, ebering_ghost_inner_flame,
          serial_shops, bzr_entry_road
Vaults:1: nicolae_vaults_theta, nicolae_vaults_windows_and_doors_thing,
          ontoclasm_vaults_fault, nicolae_vaults_twisting_passages,
          grunt_vaults_hallway_long, v_misc_9, grunt_vaults_hallway_short,
          vaults_dpeg_hooks, layout_vaults_chaotic_city
Vaults:2: ontoclasm_vaults_shuriken, grunt_vaults_funnel,
          nicolae_vaults_circle_grid_a, v_misc_22, grunt_vaults_hallway_long,
          vaults_room_glass_cross, vaults_mumra_minichess,
          nicolae_vaults_shelves_hall, vaults_dpeg_emergency_exit, v_misc_31,
          nicolae_vaults_asterisk, nicolae_vaults_yaktaur_gun_rack,
          hangedman_vaults_trim, layout_vaults_ring
Vaults:3: nicolae_vaults_know_your_exits,
          vaults_standard_mumra_enter_the_diamond,
          minmay_crypt_entry_necro_gods, nicolae_vaults_angled_halls,
          vaults_room_door_ring, vaults_mumra_lcd,
          hangedman_vaults_stretched_pinwheel, ontoclasm_vaults_spin,
          vaults_room_semicircle, vaults_room_pools, hangedman_vaults_impose,
          nicolae_vaults_little_ls, layout_vaults_omnigrid, serial_shops,
          nicolae_diamond_shop, uniq_jory
Vaults:4: v_misc_13, v_misc_26, v_pattern_1, v_misc_17, hangedman_vaults_pinch,
          nicolae_vaults_holding_cells, ontoclasm_vaults_eye,
          nicolae_vaults_network_periphery, hangedman_vaults_trim,
          layout_vaults_maze_bifur
Crypt:1:  layout_misc_corridors, st_stairs_11, grunt_ministairs_8, minivault_5
Crypt:2:  layout_misc_corridors, minivault_27, roderic_lattice_octagonal_star,
          uniq_vv
Crypt:3:  quadcrypt_mu
Tomb:1
Depths:1: layout_gridlike, pf_coc_iceberg, abyss_entry, rand_demon_pan_entry_8,
          nicolae_qazlal_eye_of_the_storm
Depths:2: nzn_winding_woodlands_medium [nzn_winding_woodlands_5x5_three,
          nzn_winding_woodlands_5x15_crooked,
          nzn_winding_woodlands_5x5_checkerboard,
          nzn_winding_woodlands_hourglass,
          nzn_winding_woodlands_center_triple_pond,
          nzn_winding_woodlands_5x5_open_star, nzn_winding_woodlands_5x5_cross,
          nzn_winding_woodlands_5x15_pockets,
          nzn_winding_woodlands_5x5_perimeter], layout_cave_shapes, hell_entry,
          rand_demon_pan_entry_1, serial_shops, kennysheep_mini_moat,
          nicolae_shop_trees, nicolae_concentric_dashed_squares_mild,
          minmay_shop_grove
Depths:3: lightli_eight_chambers, layout_cave_pools, enter_ziggurat_d,
          nrook_campfire, abyss_entry, grunt_mini_vestibule,
          makhleb_altar_promises_db
Depths:4: grunt_x_marks_the_spot, layout_cave_shapes, hell_entry,
          glass_columns_a, serial_bayou_shore_a, uniq_margery

Skill      XL: |  1  2  3  4  5  6  7  8  9 10 11 12 13 14 15 16 17 18 19 20 21 22 23 24 25 26 |
---------------+-------------------------------------------------------------------------------+-----
Spellcasting   | 1 2 3 4 5 6 7 9 10 11 12 13 15 16 17 18 19 20 21 | 21.0
Fighting       | 4 5 6 7 8 9 10 11 12 13 14 15 16 17 18 | 18.7
Axes           | 1 2 3 4 5 |  5.8
Stealth        | 7 8 9 10 11 | 11.0
Armour         | 1 2 3 4 6 |  6.7
Ice Magic      | 1 3 5 6 8 9 11 12 13 14 15 | 15.0
Fire Magic     | 1 2 3 5 6 9 12 13 14 15 16 | 16.7
Conjurations   | 3 5 7 8 9 10 11 12 13 14 15 16 17 | 17.2
Air Magic      | 3 5 6 7 8 |  8.0
Ranged Weapons | 2 4 |  4.7
Poison Magic   | 3 4 5 |  5.0
Transmutations | 3 4 5 |  5.0
Evocations     | 3 |  3.0
Summonings     | 1 3 |  3.0
Dodging        | 2 4 5 6 |  6.0
Necromancy     | 3 7 8 |  8.0
Shields        | 4 7 |  7.9
Earth Magic    | 5 8 |  8.0
Translocations | 9 |  9.0
Maces & Flails | |  2.0

Action                   |  1- 3 |  4- 6 |  7- 9 | 10-12 | 13-15 | 16-18 | 19-21 | 22-24 | 25-27 || total
-------------------------+-------+-------+-------+-------+-------+-------+-------+-------+-------++-------
Melee: Mace              |     3 |       |       |       |       |       |       |       |       ||     3
       Dagger            |    58 |    10 |       |       |     1 |       |     5 |       |     1 ||    75
       Hand axe          |       |    85 |   154 |   297 |   198 |   180 |    96 |   153 |    20 ||  1183
       Punch             |       |     2 |     2 |     3 |     2 |       |       |       |       ||     9
 Fire: Arbalest          |       |       |    12 |   105 |   315 |   190 |    49 |   137 |    26 ||   834
       Sling             |       |       |     8 |       |       |       |       |       |       ||     8
Throw: Dart              |       |    13 |       |       |       |     2 |       |       |       ||    15
       Javelin           |       |       |    11 |       |     1 |     3 |       |       |       ||    15
 Cast: Ozocubu's Armour  |       |       |     3 |     6 |     9 |    24 |     4 |    18 |     2 ||    66
       Mephitic Cloud    |       |       |       |    13 |    26 |     2 |       |       |       ||    41
       Ignite Poison     |       |       |       |     6 |    15 |    82 |   132 |   167 |    66 ||   468
       Freezing Cloud    |       |       |       |     7 |   149 |   164 |   118 |    55 |    78 ||   571
       Sublimation of Bl |       |       |       |       |     9 |     6 |     9 |    76 |   154 ||   254
       Olgreb's Toxic Ra |       |       |       |       |       |    66 |   102 |   112 |    38 ||   318
       Summon Ice Beast  |       |       |       |       |       |     8 |       |       |       ||     8
       Iron Shot         |       |       |       |       |       |    72 |    87 |   318 |   172 ||   649
       Flame Wave        |       |       |       |       |       |    20 |       |       |       ||    20
       Orb of Destructio |       |       |       |       |       |    42 |   114 |   242 |   197 ||   595
       Conjure Ball Ligh |       |       |       |       |       |    44 |    47 |       |     1 ||    92
       Fireball          |       |       |       |       |       |       |     6 |    24 |    49 ||    79
       Passage of Golubr |       |       |       |       |       |       |       |    45 |     7 ||    52
       Apportation       |       |       |       |       |       |       |       |     2 |       ||     2
       Kiss of Death     |       |       |       |       |       |       |       |     1 |       ||     1
 Abil: Shaft Self        |     2 |     1 |     3 |     1 |     1 |     2 |       |     2 |     1 ||    13
       Dig               |       |       |       |     1 |     3 |     4 |     3 |     8 |     3 ||    22
Evoke: Wand              |       |       |       |     1 |     1 |    11 |     1 |     1 |       ||    15
       Condenser vane    |       |       |       |       |       |       |       |     1 |       ||     1
  Use: Scroll            |       |       |    10 |     9 |     7 |    16 |     1 |     2 |     8 ||    53
       Potion            |       |       |     2 |     3 |     1 |     3 |       |     1 |       ||    10
 Stab: Sleeping          |     8 |    11 |     7 |       |     1 |       |     3 |     1 |     1 ||    32
       Distracted        |       |       |     1 |       |       |       |       |       |       ||     1
       Confused          |       |       |       |     3 |     4 |       |       |       |       ||     7
Armor: Leather armour    |     9 |     6 |       |       |       |       |       |       |    12 ||    27
       Ring mail         |       |     9 |    56 |   198 |   117 |   235 |    92 |   224 |     8 ||   939
Dodge: Dodged            |    30 |    41 |    63 |   168 |   120 |   283 |    96 |   402 |    58 ||  1261
Block: Other             |     6 |    16 |    38 |    84 |    33 |       |       |       |       ||   177
       Reflection        |       |     4 |       |     1 |     1 |    28 |    45 |    14 |    10 ||   103
       Buckler           |       |       |       |       |    45 |   288 |   223 |   624 |    34 ||  1214
       Kite shield       |       |       |       |       |       |       |       |       |    42 ||    42

Table legend: (Time is in decaauts)
 A = Elapsed time spent in this place.
 B = Non-inter-level travel time spent in this place.
 C = Inter-level travel time spent in this place.
 D = Time resting spent in this place.
 E = Time spent auto-exploring this place.
 F = Levels seen in this place.
 G = Mean time per level.
                   A        B        C        D        E       F      G
               +--------+--------+--------+--------+--------+-----+--------+
         Total |  81411 |  71683 |   9728 |  24386 |  16931 |  55 | 1480.2 |
       Dungeon |  19777 |  15789 |   3988 |   2403 |   6484 |  15 | 1318.5 |
        Temple |     46 |     29 |     17 |      0 |     21 |   1 |   46.0 |
          Lair |   8070 |   6557 |   1513 |   1834 |   2641 |   5 | 1614.0 |
        Shoals |   6133 |   5588 |    545 |   2439 |    368 |   4 | 1533.2 |
   Spider Nest |   7073 |   6245 |    828 |   2752 |    716 |   4 | 1768.2 |
    Slime Pits |   3300 |   3163 |    137 |   1157 |   1067 |   5 |  660.0 |
  Orcish Mines |   2137 |   1831 |    306 |    361 |    410 |   2 | 1068.5 |
   Elven Halls |   5431 |   4979 |    452 |   1753 |    790 |   3 | 1810.3 |
        Vaults |  10966 |  10066 |    900 |   4336 |   2061 |   4 | 2741.5 |
         Crypt |   7874 |   7146 |    728 |   3391 |    904 |   3 | 2624.7 |
          Tomb |    714 |    714 |      0 |    371 |      0 |   1 |  714.0 |
        Depths |   6872 |   6562 |    310 |   2218 |   1436 |   4 | 1718.0 |
        Bazaar |    138 |    138 |      0 |      0 |      0 |   1 |  138.0 |
      Ice Cave |   1666 |   1666 |      0 |    976 |      0 |   1 | 1666.0 |
       Volcano |    532 |    532 |      0 |    189 |     33 |   1 |  532.0 |
      Gauntlet |    674 |    674 |      0 |    203 |      0 |   1 |  674.0 |
               +--------+--------+--------+--------+--------+-----+--------+

Top non-repeatable levels by time:
Vaults:3: 4059 daAuts
 Crypt:3: 3511 daAuts
Spider:1: 3342 daAuts
     D:9: 2950 daAuts
 Crypt:1: 2732 daAuts
Vaults:1: 2654 daAuts
Vaults:2: 2412 daAuts
Depths:3: 2320 daAuts
    D:10: 2303 daAuts
   Elf:3: 2284 daAuts
Shoals:4: 2108 daAuts
  Lair:5: 2003 daAuts
Shoals:2: 1961 daAuts
Depths:4: 1849 daAuts
Spider:4: 1846 daAuts
